AoeStats
← AxingQuestions

African Clearing

506959677Analyzed
4v4 RM · 15d ago on Sep 16, 2026· 51m 42s· 8 players
Game mode
Random Map
Map size
Large (8 player)
Population
200
Speed
Normal
Resources
Standard
Victory
Conquest
Starting age
Dark Age
Ending age
Imperial Age
RankedLock teamsTeams togetherTeam positionsShared explorationLock speedFull tech treeHidden civsTurbo modeCheats
Victory
Defeat
🇺🇸 Vikings · United States
1204
+15
🇹🇼 Huns · Taiwan
1189
+15
🇨🇦 Spanish · Canada
1087
+21
🇲🇽 Portuguese · Mexico
1076
+20
🇵🇦 Hindustanis · Panama
1192
-18
🇺🇸 Magyars · United States
1177
-18
🇺🇸 Armenians · United States
1172
-18
🇲🇽 Berbers · Mexico
1151
-17
tmams33
4:22 Loom
13:06 Feudal Age
14:28 Man-at-Arms
17:18 Arson
17:25 Double-Bit Axe
18:05 Scale Mail Armor
19:15 Long Swordsman
31:00 Castle Age
30:38 Horse Collar
31:28 Forging
31:29 Pikeman
31:33 Two-Handed Swordsman
35:40 Champion
38:28 Chain Mail Armor
38:49 Iron Casting
42:04 Wheelbarrow
42:52 Fletching
43:02 Padded Archer Armor
44:17 Ballistics
44:56 Bodkin Arrow
45:16 Leather Archer Armor
45:00 Murder Holes
45:39 Fortified Wall
50:26 Wheelbarrow
kneehao
10:53 Loom
14:46 Feudal Age
17:54 Double-Bit Axe
20:41 Fletching
25:29 Castle Age
24:50 Padded Archer Armor
25:36 Town Watch
25:36 Elite Skirmisher
27:11 Thumb Ring
29:03 Bodkin Arrow
30:43 Horse Collar
31:38 Bow Saw
33:11 Wheelbarrow
35:04 Bloodlines
35:30 Scale Barding Armor
36:17 Husbandry
36:42 Chain Barding Armor
37:12 Corvinian Army
38:48 Heavy Plow
38:43 Gold Mining
38:44 Stone Mining
42:50 Imperial Age
44:06 Gold Shaft Mining
43:48 Hand Cart
42:58 Cavalier
44:02 Conscription
45:03 Plate Barding Armor
beliyo.iam
4:03 Loom
13:30 Feudal Age
19:49 Castle Age
18:11 Scale Mail Armor
19:44 Forging
19:51 Arson
20:39 Double-Bit Axe
21:45 Chain Mail Armor
23:16 Squires
23:54 Bow Saw
26:09 Horse Collar
31:52 Wheelbarrow
31:02 Town Watch
33:47 Iron Casting
34:42 Hand Cart
34:28 Town Patrol
46:04 Imperial Age
49:06 Chemistry
51:51 Padded Archer Armor
The Kraken
8:37 Loom
10:57 Feudal Age
11:34 Loom
12:27 Double-Bit Axe
23:28 Castle Age
21:50 Fletching
22:40 Horse Collar
24:21 Bow Saw
24:25 Forging
25:00 Bodkin Arrow
27:00 Husbandry
29:02 Bloodlines
31:39 Ballistics
37:02 Imperial Age
36:10 Wheelbarrow
38:01 Bracer
39:04 Chemistry
38:10 Heavy Plow
39:22 Conscription
39:37 Padded Archer Armor
40:07 Gold Mining
40:09 Stone Mining
40:51 Crop Rotation
41:09 Coinage
44:26 Leather Archer Armor
45:28 Scale Barding Armor
45:34 Forging
46:16 Elite Camel Archer
47:07 Heavy Camel Rider
48:49 Chain Barding Armor
49:05 Iron Casting
49:33 Gold Shaft Mining
50:34 Masonry
Schalamax1
10:03 Loom
12:10 Feudal Age
12:53 Double-Bit Axe
15:09 Fletching
17:02 Gold Mining
19:02 Padded Archer Armor
25:49 Castle Age
26:27 Bodkin Arrow
26:48 Leather Archer Armor
33:10 Wheelbarrow
32:49 Bow Saw
44:26 Horse Collar
46:11 Wheelbarrow
51:29 Imperial Age
49:03 Husbandry
49:15 Bloodlines
49:44 Hand Cart
49:15 Town Watch
49:44 Stone Mining
51:04 Scale Barding Armor
51:10 Forging
51:59 Stone Shaft Mining
52:11 Chain Barding Armor
AxingQuestions
4:39 Loom
13:22 Feudal Age
16:56 Castle Age
15:10 Double-Bit Axe
15:46 Horse Collar
20:12 Bow Saw
22:35 Town Watch
23:27 Heavy Plow
25:05 Gold Mining
26:05 Stone Mining
26:42 Town Patrol
31:07 Imperial Age
29:08 Scale Mail Armor
29:51 Gold Shaft Mining
29:23 Murder Holes
32:26 Crop Rotation
32:21 Forging
32:46 Chain Mail Armor
32:53 Conscription
32:03 Capped Ram
33:59 Iron Casting
33:18 Siege Ram
34:19 Elite Berserk
35:19 Chieftains
36:45 Plate Mail Armor
37:15 Blast Furnace
37:28 Fletching
41:32 Two-Man Saw
40:41 Bodkin Arrow
40:59 Caravan
43:24 Hoardings
46:50 Bracer
jean-danie1
3:29 Loom
13:19 Feudal Age
17:36 Double-Bit Axe
19:55 Fletching
22:04 Scale Mail Armor
22:15 Forging
28:58 Castle Age
神鬼戰士
5:40 Loom
14:12 Feudal Age
16:22 Wheelbarrow
15:33 Town Watch
15:36 Double-Bit Axe
19:17 Castle Age
20:20 Bow Saw
20:21 Horse Collar
23:16 Hand Cart
29:00 Stone Mining
30:56 Fletching
31:50 Bodkin Arrow
33:10 Ballistics
32:45 Murder Holes
38:30 Imperial Age
38:37 Scale Barding Armor
38:42 Forging
38:57 Husbandry
39:08 Bloodlines
38:20 Light Cavalry
39:47 Conscription
39:33 Bracer
39:26 Cavalier
42:29 Paladin
46:13 Chain Barding Armor
46:29 Iron Casting
48:59 Hussar
51:42 Chemistry
51:46 Blast Furnace
Connection lost

Rejoining the realm…

Still unreachable

The connection could not be restored.

Session expired

The server has moved on; the page needs a fresh start.